 Dungeon Crawl Stone Soup version 0.26-a0-1033-gd598b01645 (webtiles) character file.

Game seed: 18052879248040383993

9437 timneilson the Blocker (level 11, -27/67 HPs)
             Began as a Gargoyle Fighter on Dec 11, 2020.
             Was an Elder of Okawaru.
             Killed by refrigeration
             ... invoked by Fannar
              (29 damage)
             ... on level 10 of the Dungeon.
             The game lasted 00:22:05 (10184 turns).

timneilson the Blocker (Gargoyle Fighter)          Turns: 10184, Time: 00:22:06

Health: -27/67     AC: 22    Str: 23    XL:     11   Next: 46%
Magic:  0/14       EV: 11    Int:  9    God:    Okawaru [****..]
Gold:   469        SH: 13    Dex:  9    Spells: 10/10 levels left

rFire    . . .     SeeInvis .   a - +0 long sword
rCold    . . .     Faith    .   c - +1 kite shield
rNeg     + . .     Spirit   +   d - +0 chain mail
rPois    ∞         Reflect  .   (no helmet)
rElec    +         Harm     .   j - +0 cloak (curse)
rCorr    .         Rampage  .   (no gloves)
Will     +....                  t - +0 pair of boots
Stlth    ..........             g - amulet of guardian spirit
HPRegen  0.21/turn              y - ring of willpower
MPRegen  0.14/turn              m - +4 ring of evasion

@: about to teleport, hasted (expiring), very quick
A: negative energy resistance 1, electricity resistance, unbreathing,
petrification resistance, rot immunity, AC +8
a: Heroism, Renounce Religion


You were on level 10 of the Dungeon.
You worshipped Okawaru.
Okawaru was greatly pleased with you.
You visited 2 branches of the dungeon, and saw 11 of its levels.

You collected 469 gold pieces.

Inventory:

Hand Weapons
 a - a +0 long sword (weapon)
Armour
 c - a +1 kite shield (worn)
 d - a +0 chain mail (worn)
 j - a cursed +0 cloak (worn)
 p - a +0 plate armour
 t - a +0 pair of boots (worn)
Jewellery
 g - an amulet of guardian spirit (around neck)
 h - an uncursed ring of stealth
 m - a +4 ring of evasion (right hand)
 v - an uncursed ring of willpower
 y - a ring of willpower (left hand)
Wands
 e - a wand of digging (6)
 l - a wand of polymorph (15)
 q - a wand of paralysis (11)
 x - a wand of acid (5)
 z - a wand of flame (20)
Scrolls
 f - 4 scrolls of remove curse
 o - a scroll of teleportation
 r - 2 scrolls of identify
 u - 2 scrolls of fog
 B - a scroll of immolation
 E - a scroll of amnesia
Potions
 i - 3 potions of flight
 k - 2 potions of brilliance
 n - 2 potions of lignification
 s - 3 potions of cancellation
 A - a potion of resistance
 C - a potion of haste
 D - 4 potions of berserk rage


   Skills:
 + Level 7.4 Fighting
 * Level 8.2 Long Blades
 * Level 10.1 Armour
 * Level 10.2 Shields
 + Level 5.0 Invocations
 + Level 4.2 Evocations


You had 10 spell levels left.
You didn't know any spells.
Your spell library contained the following spells:

 Spells                   Type           Power        Failure   Level
 Sting                    Tmut/Pois      #...         99%         1
 Poisonous Vapours        Pois/Air       #.....       100%        2
 Ignite Poison            Fire/Tmut/Pois #.......     100%        3
 Mephitic Cloud           Conj/Pois/Air  #.......     100%        3
 Olgreb's Toxic Radiance  Pois           #.......     100%        4
 Bolt of Magma            Conj/Fire/Erth #.........   100%        5
 Iskenderun's Battlesphe  Conj           #.......     100%        5
 Iron Shot                Conj/Erth      #.........   100%        6
 Orb of Destruction       Conj           #.........   100%        7
 Spellforged Servitor     Conj/Summ      #.........   100%        7


Dungeon Overview and Level Annotations

Branches:
Dungeon (10/15)            Temple (1/1) D:6            Lair (0/6) D:10
    Orc: D:9-12

Altars:
Ashenzari
Cheibriados
Dithmenos
Elyvilon
Fedhas
Gozag
Hepliaklqana
Kikubaaqudgha
Makhleb
Nemelex Xobeh
Okawaru
Qazlal
Ru
Sif Muna
Trog
Uskayaw
Vehumet
Wu Jian
Xom
Yredelemnul
Zin
The Shining One

Shops:
D:9 *

Portals:
Trove: D:10 (give +4 shadow dragon scales)

Annotations:
D:7 3 runed translucent doors, lunkers's ghost, novice DEFE
D:10 Fannar


Innate Abilities, Weirdness & Mutations

You are resistant to torment.
Your stone body is resilient. (AC +8)
You are immune to poison.
You resist negative energy. (rN+)
You are resistant to electric shocks. (rElec)
You can survive without breathing.
You are immune to petrification.
You are immune to rotting.


Message History

Fannar drains the heat from the surrounding environment!
You feel very cold.
* * * LOW HITPOINT WARNING * * *
Fannar is frozen.
Fannar resists.
The ice beast hits you but does no damage.
You hit the ice beast.
The ice beast is heavily wounded.
Unknown command.
As you read the scroll of fog, it crumbles to dust.
The scroll dissolves into smoke.
Your extra speed is starting to run out.
The ice beast misses you.
As you read the scroll of teleportation, it crumbles to dust.
You feel strangely unstable. The ice beast barely misses you.
You hit the ice beast.
The ice beast is severely wounded.
Fannar casts a spell.
Fannar drains the heat from the surrounding environment!
You feel very cold.
You die...

...(..# ......# ≈≈≈≈≈≈≈
≈. .......# ≈.....#
≈≈≈≈≈≈≈ #.#.......'
......# #≈≈≈≈≈≈
#.#.......# ...!..#
#≈≈≈≈≈ #.........#
......# #≈≈≈≈ ........
......# ≈≈. #..... ##
..#####
######§#####.#'#########.
..#
......§§@YeYY..#†..†.....
..#
###########.#.(...^..†.#.
..# #.#.5..).....#. ###
####....#.........
#....#..######....
#l####...# #..<.< #.
#...# ###### o. ##..# $..
##..


You could see Fannar (icy armour) and an ice beast (summoned).

Vanquished Creatures
  A hydra (D:9)
  Harold (D:7)
  A two-headed ogre (D:10)
  Joseph (D:7)
  Maggie (D:7)
  A centaur skeleton (D:5)
  A troll (D:9)
  Prince Ribbit (D:9)
  A hornet (D:10)
  A wyvern (D:10)
  Grum (D:10)
  2 water moccasins
  4 orc warriors
  An eye of draining (D:10)
  4 ice beasts
  2 sky beasts
  A phantom (D:4)
  6 ogres
  5 centaurs
  6 wolves (D:10)
  A big kobold (D:9)
  A gnoll sergeant (D:4)
  3 bullfrogs
  A wyvern zombie (D:9)
  A scorpion (D:4)
  11 killer bees
  4 howler monkeys (D:9)
  3 wights (D:10)
  2 bullfrog zombies
  2 quasits (D:9)
  2 centaur zombies
  8 hounds
  2 jellies
  An orc priest (D:3)
  Crazy Yiuf (D:2)
  5 gnoll shamans (D:4)
  Jessica (D:3)
  3 worker ants
  4 orc wizards
  A hound zombie (D:5)
  A hound skeleton (D:7)
  A worker ant zombie (D:7)
  A howler monkey skeleton (D:5)
  30 gnolls (D:4)
  6 adders
  3 shadow imps
  2 white imps
  6 oozes
  2 adder zombies
  4 worms
  3 dart slugs
  3 leopard geckos
  42 orcs
  4 giant cockroaches
  3 goblins (D:1)
  4 hobgoblins
  20 jackals
  3 quokkas
  A ball python (D:3)
  6 bats
  4 frilled lizards
  12 kobolds
  9 rats
269 creatures vanquished.

Vanquished Creatures (others)
  A white imp (D:7)
  A leopard gecko (D:9)
  A fungus (D:3)
3 creatures vanquished.

Grand Total: 272 creatures vanquished

Notes
Turn   | Place    | Note
-------+----------+-------------------------------------------
     0 | D:1      | timneilson the Gargoyle Fighter began the quest for the
                  | Orb.
     0 | D:1      | Reached XP level 1. HP: 14/14 MP: 1/1
   160 | D:1      | Reached XP level 2. HP: 19/19 MP: 2/2
   696 | D:1      | Reached XP level 3. HP: 16/23 MP: 3/3
  1262 | D:2      | Found a runed translucent door.
  1263 | D:2      | Noticed Crazy Yiuf
  1270 | D:2      | Killed Crazy Yiuf
  1271 | D:2      | Reached XP level 4. HP: 14/28 MP: 2/4
  1450 | D:3      | Found a hide-covered altar of Uskayaw.
  1477 | D:3      | Noticed an ice beast
  1485 | D:3      | Killed an ice beast
  1486 | D:3      | Reached XP level 5. HP: 24/33 MP: 3/5
  1674 | D:3      | Reached XP level 6. HP: 12/38 MP: 3/6
  1927 | D:3      | Found a shimmering altar of Xom.
  1962 | D:3      | Noticed Jessica
  1969 | D:3      | Killed Jessica
  2136 | D:3      | Reached skill level 5 in Armour
  2286 | D:3      | Found a white marble altar of Elyvilon.
  2342 | D:3      | Reached skill level 5 in Shields
  2508 | D:4      | Noticed a phantom
  2619 | D:4      | Reached XP level 7. HP: 20/43 MP: 4/7
  3403 | D:4      | Found a sparkling altar of Nemelex Xobeh.
  3639 | D:4      | Reached XP level 8. HP: 44/48 MP: 8/8
  3989 | D:4      | Reached skill level 5 in Fighting
  4012 | D:4      | Reached skill level 5 in Long Blades
  4283 | D:5      | Entered Level 5 of the Dungeon
  4451 | D:5      | Found an iron altar of Okawaru.
  4460 | D:5      | Became a worshipper of Warmaster Okawaru
  4670 | D:5      | Reached skill level 1 in Invocations
  4975 | D:5      | Reached * piety under Okawaru
  4976 | D:5      | Reached skill level 1 in Evocations
  4976 | D:5      | Reached XP level 9. HP: 41/54 MP: 6/9
  5326 | D:6      | Found an iron altar of Okawaru.
  5326 | D:6      | Found a broken altar of Ashenzari.
  5380 | D:6      | Found a staircase to the Ecumenical Temple.
  5386 | Temple   | Entered the Ecumenical Temple
  5837 | D:6      | Found a radiant altar of Vehumet.
  5925 | D:7      | Found a runed translucent gate.
  5925 | D:7      | Found a runed translucent gate.
  5925 | D:7      | Found a runed translucent gate.
  5968 | D:7      | Noticed lunkers's ghost (novice DEFE)
  5975 | D:7      | Noticed Maggie
  6006 | D:7      | Killed Maggie
  6239 | D:7      | Found a stormy altar of Qazlal.
  6262 | D:7      | Noticed Harold
  6297 | D:7      | Killed Harold
  6297 | D:7      | Reached ** piety under Okawaru
  6582 | D:7      | Found an ancient bone altar of Kikubaaqudgha.
  6834 | D:7      | Reached XP level 10. HP: 60/60 MP: 12/12
  6940 | D:7      | Noticed Joseph
  6960 | D:7      | Killed Joseph
  7098 | D:8      | Found an ornate altar of the Wu Jian Council.
  7196 | D:8      | Found a shadowy altar of Dithmenos.
  7583 | D:8      | Found a blossoming altar of Fedhas.
  7679 | D:8      | Found a glowing silver altar of Zin.
  7927 | D:9      | Found an opulent altar of Gozag.
  8027 | D:9      | Found Pesed's Demolitions Depot.
  8062 | D:9      | Reached *** piety under Okawaru
  8320 | D:9      | Noticed Prince Ribbit
  8587 | D:9      | Noticed a seven-headed hydra
  8600 | D:9      | Killed a seven-headed hydra
  8614 | D:9      | Killed Prince Ribbit
  8614 | D:9      | Reached **** piety under Okawaru
  9123 | D:10     | Entered Level 10 of the Dungeon
  9123 | D:10     | Noticed Grum
  9238 | D:9      | Received a gift from Okawaru
  9239 | D:9      | Reached XP level 11. HP: 30/67 MP: 7/14
  9616 | D:10     | Found a portal to a secret trove of treasure.
  9737 | D:10     | Found a staircase to the Lair.
  9993 | D:10     | Noticed a two-headed ogre
 10023 | D:10     | Killed a two-headed ogre
 10024 | D:10     | Reached skill level 10 in Shields
 10040 | D:10     | Reached skill level 10 in Armour
 10092 | D:10     | Killed Grum
 10092 | D:10     | Noticed Fannar
 10101 | D:10     | Reached skill level 5 in Invocations
 10180 | D:10     | HP: 2/67 [Fannar/refrigeration (16)]
 10184 | D:10     | Killed from afar by Fannar

Illustrated notes

Levels and vault maps discovered:
D:1:      kennysheep_arrival_forest, layout_loops_ring
D:2:      layout_rooms, st_stairs_5, uniq_crazy_yiuf_cottage
D:3:      layout_rooms, marbit_many_paths, lemuel_crystal_altar,
          elyvilon_altar_1, minmay_box_of_dots, uniq_jessica
D:4:      lemuel_castle_with_subvaults [lemuel_castle_interior_carwin_3],
          layout_loops_cross, nemelex_dance_club_becter
D:5:      layout_gridville, okawaru_trees_1
D:6:      layout_loops_ring, kennysheep_mini_moat,
          gammafunk_temple_overflow_pools, minmay_temple_entry_butterflies
D:7:      layout_basic, grunt_qazlal_sundering, general_overflow_altar,
          gammafunk_ghost_icy, uniq_maggie, uniq_joseph, uniq_harold
D:8:      layout_rooms, lemuel_doored_altar, fedhas_altar_4,
          grunt_temple_overflow_open, minivault_11
D:9:      layout_cave_pods, nicolae_gozag_cash_rules_everything_around_me,
          nicolae_blasting_shop, statue_in_the_mist_lemuel, uniq_prince_ribbit1
D:10:     layout_basic, erik_lair_island, orc_david_3, serial_glass,
          glass_columns_a, glass_columns_a, trove_entry_hex_spiral, uniq_grum,
          uniq_fannar
Temple:   compressed_dpeg_triangle_lava_temple

Skill      XL: |  1  2  3  4  5  6  7  8  9 10 11 |
---------------+----------------------------------+-----
Long Blades    | 2 3 4 5 6 7 8 |  8.2
Armour         | 4 5 6 7 8 9 10 | 10.1
Shields        | 4 5 6 7 8 9 10 | 10.2
Fighting       | 4 5 6 7 |  7.4
Invocations    | 1 3 4 5 |  5.0
Evocations     | 1 2 3 4 |  4.2

Action                   |  1- 3 |  4- 6 |  7- 9 | 10-12 || total
-------------------------+-------+-------+-------+-------++-------
Melee: Long sword        |    92 |   220 |   546 |   609 ||  1467
Invok: Heroism           |       |       |     3 |    16 ||    19
Evoke: Wand              |       |       |       |     7 ||     7
  Use: Scroll            |     4 |     6 |     6 |     6 ||    22
       Potion            |       |     4 |     4 |     4 ||    12
Armor: Scale mail        |    50 |    77 |       |       ||   127
       Chain mail        |       |    38 |   237 |   278 ||   553
Dodge: Dodged            |    19 |   103 |   241 |   345 ||   708
Block: Kite shield       |    43 |   134 |   372 |   515 ||  1064
       Rpst.: Long sword |     9 |    29 |    78 |   114 ||   230

Table legend: (Time is in decaauts)
 A = Elapsed time spent in this place.
 B = Non-inter-level travel time spent in this place.
 C = Inter-level travel time spent in this place.
 D = Time resting spent in this place.
 E = Time spent auto-exploring this place.
 F = Levels seen in this place.
 G = Mean time per level.
                   A        B        C        D        E       F      G
               +--------+--------+--------+--------+--------+-----+--------+
         Total |  10352 |  10005 |    347 |    400 |   6743 |  11 |  941.1 |
       Dungeon |  10157 |   9816 |    341 |    400 |   6555 |  10 | 1015.7 |
        Temple |    195 |    189 |      6 |      0 |    188 |   1 |  195.0 |
               +--------+--------+--------+--------+--------+-----+--------+

Top non-repeatable levels by time:
     D:9: 1708 daAuts
     D:4: 1638 daAuts
     D:3: 1353 daAuts
     D:7: 1232 daAuts
     D:5: 922 daAuts
     D:1: 912 daAuts
     D:8: 733 daAuts
    D:10: 573 daAuts
     D:2: 569 daAuts
     D:6: 513 daAuts
  Temple: 195 daAuts
